 Dungeon Crawl Stone Soup version 0.30-a0-576-g89cddaab80 (webtiles) character file.

Game seed: 15775252077274499780

124 Pooter the Shooter (level 4, -2/44 HPs)
             Began as a Troll Hunter on Dec 30, 2022.
             Slain by a goblin
             ... wielding a +0 club
             ... led by Robin
              (5 damage)
             ... on level 3 of the Dungeon.
             The game lasted 00:12:39 (1560 turns).

Pooter the Shooter (Troll Hunter)                   Turns: 1560, Time: 00:12:40

Health: -2/44      AC:  4    Str: 21    XL:     4   Next: 81%
Magic:  3/3        EV: 10    Int:  5    God:
Gold:   5          SH:  0    Dex: 13    Spells: 3/3 levels left

rFire   . . .      SeeInvis .      - Unarmed
rCold   . . .      Faith    .    (no shield)
rNeg    . . .      Spirit   .    c - +0 robe
rPois   .          Reflect  .    (helmet restricted)
rElec   .          Harm     .    j - scarf {shadows}
rCorr   .          Rampage  .    (gloves unavailable)
Will    .....                    (boots unavailable)
Stlth   +                        (no amulet)
HPRegen 1.07/turn                (no ring)
MPRegen 0.08/turn                (no ring)

@: about to teleport
A: large, unfitting armour, claws 3, regeneration 1, shaggy fur 1, tough skin 1
a: no special abilities


You were on level 3 of the Dungeon.
You visited 1 branch of the dungeon, and saw 3 of its levels.

You collected 83 gold pieces.
You spent 78 gold pieces at shops.

Inventory:

Hand Weapons
 b - a +0 shortbow
Missiles
 e - 6 poisoned darts
 f - 5 boomerangs (quivered)
 Q - 40 stones
Armour
 c - a +0 robe (worn)
 j - a scarf of shadows (worn)
   (You found it on level 2 of the Dungeon)
Wands
 x - a wand of acid (6)
   (You found it on level 2 of the Dungeon)
Scrolls
 a - a scroll of magic mapping
 k - a scroll of poison {!r}
 l - a scroll of fog
 n - a scroll of immolation {!r}
 t - a scroll of teleportation {@r4}
Potions
 d - a potion of attraction {!q}
 h - a potion of haste {unknown}
 m - 2 potions of curing {unknown}


   Skills:
 + Level 2.3 Fighting
 * Level 3.3 Ranged Weapons
 - Level 1.5 Dodging
 - Level 0.3 Stealth
 * Level 2.6 Unarmed Combat


You had 3 spell levels left.
You didn't know any spells.
Your spell library contained the following spells:

 Spells                   Type           Power      Damage    Failure   Level
 Gell's Gravitas          Tloc           0%         N/A       85%         3
 Stone Arrow              Conj/Erth      0%         3d7       85%         3
 Teleport Other           Tloc           0%         N/A       85%         3
 Animate Armour           Summ/Erth      0%         N/A       99%         4
 Dispersal                Tloc           0%         N/A       100%        6
 Lehudib's Crystal Spear  Conj/Erth      0%         10d2      100%        8


Dungeon Overview and Level Annotations

Branches:
Dungeon (3/15)

Altars:
Nemelex Xobeh

Shops:
D:1 *   D:2 *


Innate Abilities, Weirdness & Mutations

You are too large for most types of armour.
You have claws for hands.
Your natural rate of healing is unusually fast.
You are covered in fur. (AC +1)
You have tough skin. (AC +1)


Message History

The goblin closely misses you.
A goblin comes into view. It is wielding a +0 club.
The hobgoblin hits you.
You scratch the hobgoblin but do no damage.
The goblin hits you but does no damage. The hobgoblin hits you.
You barely miss the hobgoblin. The goblin barely misses you.
The hobgoblin hits you.
You scratch the hobgoblin but do no damage.
Something unseen opens the large door.
The goblin barely misses you. The hobgoblin misses you.
You closely miss the hobgoblin.
Robin flexes a bicep menacingly.
The goblin misses you. The hobgoblin closely misses you.
You scratch the hobgoblin. The goblin hits you with a +0 club.
The hobgoblin hits you.
You closely miss the hobgoblin. The hobgoblin closely misses you.
The goblin closely misses you.
The hobgoblin hits you but does no damage.
You scratch the hobgoblin.
You kill the hobgoblin!
The hobgoblin hits you.
* * * LOW HITPOINT WARNING * * *
The goblin hits you but does no damage.
Unknown command.
As you read the scroll labelled RANURRIBRO, it crumbles to dust.
You feel strangely unstable.
It was a scroll of teleportation.
t - a scroll of teleportation Robin throws the goblin at you!
* * * LOW HITPOINT WARNING * * *
The hobgoblin barely misses you. The goblin closely misses you.
The goblin barely misses you.
You completely miss Robin. You claw Robin! Robin hits you with a +0 mace.
* * * LOW HITPOINT WARNING * * *
The hobgoblin hits you.
* * * LOW HITPOINT WARNING * * *
The goblin closely misses you. The goblin hits you with a +0 club.
* * * LOW HITPOINT WARNING * * *
You claw Robin!
You kill Robin!
The goblin barely misses you. The hobgoblin hits you.
* * * LOW HITPOINT WARNING * * *
The goblin hits you with a +0 club.
* * * LOW HITPOINT WARNING * * *
You claw the goblin!
You kill the goblin!
The hobgoblin hits you but does no damage.
The goblin hits you with a +0 club.
* * * LOW HITPOINT WARNING * * *
The goblin hits you with a +0 club.
You die...

.........#.##.......#
...
.........#.##.......#
....................#+
###.#.................
...#.##...............
.....................
..............#'#....
..#..g.#####g#g#.... .
#...## ##@g.#
#.....g## ##g...+
##...g.# ...## #.....#
.#.# #...g.# .#...
#....)g# .# ...
#....... .. ..


You could see a hobgoblin (strong) and 3 goblins.

Vanquished Creatures
  Terence (D:2)
  Robin (D:3)
  A gnoll (D:1)
  3 adders
  2 dart slugs
  2 orcs (D:3)
  3 endoplasms
  7 goblins
  8 hobgoblins
  A quokka (D:2)
  7 ball pythons
  3 frilled lizards
  7 kobolds
  4 rats
50 creatures vanquished.

Notes
Turn   | Place    | Note
-------+----------+-------------------------------------------
     0 | D:1      | Pooter the Troll Hunter began the quest for the Orb.
     0 | D:1      | Reached XP level 1. HP: 19/19 MP: 0/0
    85 | D:1      | Reached skill level 1 in Unarmed Combat
    85 | D:1      | Reached XP level 2. HP: 26/28 MP: 1/1
   386 | D:1      | Found Toicla's General Store.
   641 | D:1      | Reached skill level 3 in Ranged Weapons
   651 | D:1      | Reached XP level 3. HP: 31/35 MP: 2/2
   711 | D:2      | Found a sparkling altar of Nemelex Xobeh.
  1108 | D:2      | Found Ehu Bi Ris's General Store.
  1132 | D:2      | Bought a scroll of fog for 52 gold pieces
  1132 | D:2      | Bought a scroll of identify for 26 gold pieces
  1230 | D:3      | Noticed Terence
  1249 | D:2      | Killed Terence
  1250 | D:2      | Reached XP level 4. HP: 15/42 MP: 3/3
  1527 | D:3      | Noticed Robin
  1559 | D:3      | Killed Robin
  1560 | D:3      | Slain by a goblin

Illustrated notes

Levels and vault maps discovered:
D:1:      amcnicky_arrival_gap_in_the_tavern_cellar, layout_loops_cross,
          serial_shops, nicolae_shop_waterfront
D:2:      layout_rooms, serial_shops, shop, basic_altar, corexii_hall_statues_i,
          grunt_ministairs_2
D:3:      layout_basic, lemuel_round_altar, st_stairs_1,
          chequers_serial_rivers_micro_e, uniq_robin, uniq_terence

Skill      XL: |  1  2  3 |
---------------+----------+-----
Unarmed Combat | 1 2 |  2.6
Ranged Weapons | 3 |  3.3
Fighting       | 2 |  2.3
Dodging        | |  1.5
Stealth        | |  0.3

Action                   |  1- 3 |  4- 6 || total
-------------------------+-------+-------++-------
Melee: Unarmed           |    52 |    24 ||    76
       Punch             |     1 |     1 ||     2
 Fire: Shortbow          |    51 |    22 ||    73
  Use: Scroll            |     4 |     1 ||     5
       Potion            |     1 |       ||     1
Armor: Robe              |    17 |     9 ||    26
Dodge: Dodged            |    36 |    25 ||    61

Table legend: (Time is in decaauts)
 A = Elapsed time spent in this place.
 B = Non-inter-level travel time spent in this place.
 C = Inter-level travel time spent in this place.
 D = Time resting spent in this place.
 E = Time spent auto-exploring this place.
 F = Levels seen in this place.
 G = Mean time per level.
                   A        B        C        D        E       F      G
               +--------+--------+--------+--------+--------+-----+--------+
         Total |   1574 |   1558 |     16 |    270 |    934 |   3 |  524.7 |
       Dungeon |   1574 |   1558 |     16 |    270 |    934 |   3 |  524.7 |
               +--------+--------+--------+--------+--------+-----+--------+

Top non-repeatable levels by time:
     D:1: 672 daAuts
     D:2: 620 daAuts
     D:3: 281 daAuts
